 Dungeon Crawl Stone Soup version 0.18.1-47-g9310371 (webtiles) character file.

105 Metae the Conjurer (level 4, -2/27 HPs)
             Began as an Octopode Conjurer on June 13, 2016.
             Was an Initiate of Pakellas.
             Slain by Jersh's ghost (7 damage)
             ... on level 3 of the Dungeon.
             The game lasted 00:23:11 (2450 turns).

Metae the Conjurer (Octopode Conjurer)              Turns: 2450, Time: 00:23:11

Health: -2/27      AC:  1    Str:  7    XL:     4   Next: 81%
Magic:  1/8        EV: 13    Int: 17    God:    Pakellas [......]
Gold:   49         SH:  0    Dex: 13    Spells: 3 memorised, 0 levels left

rFire  . . .     SeeInvis .     t - -1 trident (curse)
rCold  . . .     Gourm    .     (no shield)
rNeg   . . .     Faith    .     (helmet restricted)
rPois  .         Spirit   .     (no amulet)
rElec  .         Dismiss  .     (no ring)
rCorr  .         Reflect  .     (no ring)
SustAt .         Harm     .     (no ring)
MR     .....                    (no ring)
Stlth  ++++......               (no ring)
                                (no ring)
                                (no ring)
                                (no ring)

@: not resistant to hostile enchantments, stealthy
A: almost no armour, amphibious, 8 rings, constrict 8, camouflage 1, gelatinous
body 1
a: Renounce Religion


You were on level 3 of the Dungeon.
You worshipped Pakellas.
Pakellas was noncommittal.
You were not hungry.

You visited 1 branch of the dungeon, and saw 3 of its levels.

You collected 49 gold pieces.

Inventory:

Hand Weapons
 e - a +0 short sword
 t - a cursed -1 trident (weapon)
Scrolls
 c - 3 scrolls of recharging
 f - a scroll of amnesia {unknown}
 g - a scroll of teleportation {unknown}
 i - a scroll of magic mapping {unknown}
 j - a scroll of noise {unknown}
 k - a scroll of random uselessness {unknown}
 l - a scroll of fog {unknown}
 o - 3 scrolls of identify
Potions
 h - 3 potions of curing {unknown}
 m - a potion of brilliance {unknown}
 n - 2 potions of degeneration {unknown}
 p - a potion of might {unknown}
 r - a potion of heal wounds {unknown}
Books
 a - a book of Conjurations

   Spells                             Type                      Level
   a - Magic Dart                     Conjuration                  1
   b - Searing Ray                    Conjuration                  2
   c - Dazzling Spray                 Conjuration/Hexes            3
   d - Fulminant Prism                Conjuration/Hexes            4
   e - Iskenderun's Mystic Blast      Conjuration                  4
   f - Iskenderun's Battlesphere      Conjuration/Charms           5
Comestibles
 b - a bread ration
 d - 3 meat rations
 q - a beef jerky
 s - 5 chunks of flesh


   Skills:
 + Level 0.8 Fighting
 + Level 1.4 Short Blades
 * Level 2.6 Dodging
 + Level 3.5 Stealth
 * Level 2.6 Spellcasting
 + Level 4.4 Conjurations
 * Level 0.6 Hexes


You couldn't memorise any spells.
You knew the following spells:

 Your Spells              Type           Power        Failure   Level  Hunger
a - Magic Dart            Conj           ###.         2%          1    #......
b - Dazzling Spray        Conj/Hex       ##....       21%         3    ###....
c - Iskenderun's Mystic   Conj           ###.....     30%         4    #####..


Dungeon Overview and Level Annotations

Branches:
Dungeon (3/15)

Altars:
Fedhas
Okawaru
Pakellas

Annotations:
D:3 Jersh's ghost, weakling FeSu


Innate Abilities, Weirdness & Mutations

You cannot wear most types of armour.
You are amphibious.
You can wear up to eight rings at the same time.
You can use your tentacles to constrict eight enemies at once.
Your skin changes colour to match your surroundings (Stealth).
Your rubbery body absorbs attacks (AC +1).


Message History

Confirm with . or Enter, or press ? or * to list all spells.
Aiming: Magic Dart
Press: ? - help, Shift-Dir - straight line, f/p - Jersh's ghost
Aim: Jersh's ghost The magic dart hits Jersh's ghost.
Jersh's ghost is lightly damaged.
Jersh's ghost barely misses you. Jersh's ghost hits you.
Your magical contamination has completely faded away.
Jersh's ghost hits you. Jersh's ghost misses you.
Jersh's ghost screams, "I'll kill anyone who wants the ORB!"
Jersh's ghost hits you but does no damage.
Jersh's ghost closely misses you. Jersh's ghost hits you.
* * * LOW HITPOINT WARNING * * *
There is a stone staircase leading up here.
Jersh's ghost hits you!
You die...
Pakellas says: Time to start the next experiment...

#.......#.##.# #.# #.##
##...##.##.# #.# #..#♣♣♣
#..###.##.#
#.#####.[.... #.##
#.##.## #...).).#####
..# #.#
#.#...###..###### #.# #
#.# #..........# #.#.#
#.# ###...###.†# ##.#.
#.# #...)......# ... #.#
#.##@#####.# #.# #.#
#W##W# #.#
##.#####.####.##<# #.#
..............##.# #.#
##.......#######.#####.#
######### #.......#
#########


You could see Jersh's ghost.

Vanquished Creatures
  Ijyb (D:2)
  An adder (D:2)
  An ooze (D:1)
  A worm (D:2)
  3 dart slugs (D:1)
  A giant gecko (D:2)
  3 orcs (D:3)
  3 bats
  3 giant cockroaches (D:1)
  9 hobgoblins
  6 jackals
  5 kobolds
  A quokka (D:3)
  4 giant newts
  2 goblins (D:1)
  5 rats
49 creatures vanquished.

Vanquished Creatures (others)
  A wasp (D:3)
1 creature vanquished.

Grand Total: 50 creatures vanquished

Notes
Turn   | Place    | Note
--------------------------------------------------------------
     0 | D:1      | Metae the Octopode Conjurer began the quest for the Orb.
     0 | D:1      | Reached XP level 1. HP: 11/11 MP: 3/3
   168 | D:1      | Reached XP level 2. HP: 17/17 MP: 1/5
   451 | D:1      | Reached XP level 3. HP: 22/22 MP: 4/6
   771 | D:1      | Reached skill level 1 in Short Blades
  1140 | D:2      | Found an iron altar of Okawaru.
  1254 | D:2      | Learned a level 3 spell: Dazzling Spray
  1274 | D:2      | Noticed Ijyb
  1347 | D:2      | Killed Ijyb
  1347 | D:2      | Reached XP level 4. HP: 9/27 MP: 2/7
  2084 | D:3      | Noticed Jersh's ghost (weakling FeSu)
  2132 | D:2      | Learned a level 4 spell: Iskenderun's Mystic Blast
  2284 | D:3      | Found a blossoming altar of Fedhas.
  2379 | D:3      | Found an oddly glowing altar of Pakellas.
  2381 | D:3      | Noticed an orange crystal statue
  2384 | D:3      | Noticed a wasp
  2387 | D:3      | Became a worshipper of Pakellas the Inventive
  2412 | D:3      | Killed a wasp
  2450 | D:3      | Slain by Jersh's ghost

Skill      XL: |  1  2  3 |
---------------+----------+-----
Stealth        | 3 |  3.5
Short Blades   | 1 |  1.4
Fighting       | |  0.8
Dodging        | |  2.6
Spellcasting   | |  2.6
Conjurations   | |  4.4
Hexes          | |  0.6

Action                   |  1- 3 |  4- 6 || total
-------------------------+-------+-------++-------
Melee: Short sword       |    14 |    11 ||    25
       Constrict         |     6 |     2 ||     8
       Tentacles         |     5 |       ||     5
 Cast: Magic Dart        |    77 |    40 ||   117
       Dazzling Spray    |       |     3 ||     3
       Iskenderun's Myst |       |     1 ||     1
  Use: Scroll            |       |     1 ||     1
  Eat: Chunk             |     2 |       ||     2
       Bread ration      |       |     1 ||     1
Armor: Skin              |     3 |     6 ||     9
Dodge: Dodged            |    24 |    23 ||    47
